 Dungeon Crawl Stone Soup version 0.20-a0-61-ga1b20b4 (webtiles) character file.

100 Faca the Covered (level 5, 0/42 HPs)
             Began as a Formicid Fighter on Nov 17, 2016.
             Slain by an orc (4 damage)
             ... on level 2 of the Dungeon.
             The game lasted 00:13:07 (2623 turns).

Faca the Covered (Formicid Fighter)                 Turns: 2623, Time: 00:13:08

Health: 0/42       AC:  9    Str: 21    XL:     5   Next: 3%
Magic:  5/5        EV:  6    Int:  7    God:
Gold:   123        SH:  9    Dex: 11    Spells: 0 memorised, 4 levels left

rFire  x . .     SeeInvis +     a - +0 long sword
rCold  + . .     Gourm    .     h - +0 chain mail
rNeg   . . .     Faith    .     c - +0 shield
rPois  .         Spirit   .     (helmet unavailable)
rElec  .         Reflect  .     (no cloak)
rCorr  .         Harm     .     (no gloves)
MR     .....                    (no boots)
Stlth  ..........               (no amulet)
                                (no ring)
                                m - ring of ice

@: no status effects
A: permanent stasis, dig shafts and tunnels, four strong arms, antennae 3
a: Dig, Shaft Self


You were on level 2 of the Dungeon.
You were not hungry.

You visited 1 branch of the dungeon, and saw 3 of its levels.

You collected 123 gold pieces.

Inventory:

Hand Weapons
 a - a +0 long sword (weapon)
Armour
 c - a +0 shield (worn)
 h - a +0 chain mail (worn)
Jewellery
 m - a ring of ice (left hand)
Scrolls
 l - a scroll of remove curse
Potions
 b - a potion of curing
 d - a potion of might
 e - a potion of haste {unknown}
 g - 2 potions of flight
 i - a potion of magic {unknown}
 k - 2 potions of beneficial mutation {unknown}
 n - 2 potions of lignification {unknown}
Comestibles
 f - 2 bread rations


   Skills:
 + Level 3.7 Fighting
 + Level 2.7 Long Blades
 + Level 4.5 Armour
 + Level 0.1 Dodging
 + Level 0.3 Stealth
 + Level 4.3 Shields


You had 4 spell levels left.
You didn't know any spells.

Dungeon Overview and Level Annotations

Branches:
Dungeon (3/15)

Altars:

Annotations:
D:3 tacz's ghost, novice DsGl


Innate Abilities, Weirdness & Mutations

You are under a permanent stasis effect.
You can dig through walls and to a lower floor.
Your four strong arms can wield two-handed weapons with a shield.
You have a pair of large antennae on your head. (SInv)


Message History

* * * LOW HITPOINT WARNING * * *
You block the orc's attack.
There is a stone staircase leading up here.
The gnoll hits you but does no damage. You block the orc's attack.
You climb upwards.
There is a stone staircase leading down here.
Your shield and chain mail prevent you from hitting the orc.
The orc is lightly wounded.
The orc hits you.
* * * LOW HITPOINT WARNING * * *
You hit the orc.
The orc is heavily wounded.
The orc hits you but does no damage. You block the orc's attack.
You hit the orc.
The orc is almost dead.
The orc hits you but does no damage.
You barely miss the orc.
The orc is almost dead.
The orc hits you.
You die...

.#
#.#.##.............####
.# #...##.............#
.# ######.............#
.# #.............# ##
#####.............#
#....##############
#########....#####
.......##......o.#
.......##.......@#
..........)......#
.......##........#
.......##........#
.......##........#
.......##........#
...(...##........#
.................#
.................#


You could see an orc.

Vanquished Creatures
  3 gnolls
  An adder (D:2)
  An ooze (D:1)
  2 dart slugs (D:1)
  2 leopard geckos (D:3)
  3 orcs (D:2)
  2 giant cockroaches (D:1)
  5 goblins
  5 hobgoblins
  6 jackals
  7 kobolds
  A ball python (D:2)
  3 bats
  6 rats
47 creatures vanquished.

Notes
Turn   | Place    | Note
-------+----------+-------------------------------------------
     0 | D:1      | Faca the Formicid Fighter began the quest for the Orb.
     0 | D:1      | Reached XP level 1. HP: 18/18 MP: 1/1
    92 | D:1      | Reached XP level 2. HP: 21/24 MP: 2/2
   481 | D:1      | Reached XP level 3. HP: 29/29 MP: 3/3
   521 | D:1      | HP: 1/29 [jackal (1)]
  1802 | D:3      | Reached XP level 4. HP: 31/37 MP: 4/4
  1880 | D:3      | Noticed tacz's ghost (novice DsGl)
  2597 | D:3      | Reached XP level 5. HP: 18/42 MP: 5/5
  2606 | D:3      | HP: 1/42 [orc (4)]
  2623 | D:2      | Slain by an orc

Vault maps used:
D:1:      lemuel_arrival_broad_hall
D:2:      first_bread
D:3:      kennysheep_big_flooded_room, hangedman_decor_push, uniq_natasha,
          uniq_jessica, uniq_iyjb

Skill      XL: |  1  2  3 |
---------------+----------+-----
Shields        | 4 |  4.3
Armour         | 4 |  4.5
Fighting       | |  3.7
Long Blades    | |  2.7
Dodging        | |  0.1
Stealth        | |  0.3

Action                   |  1- 3 |  4- 6 || total
-------------------------+-------+-------++-------
Melee: Long sword        |   145 |    56 ||   201
  Use: Scroll            |     7 |     1 ||     8
       Potion            |     1 |     2 ||     3
  Eat: Meat ration       |     1 |       ||     1
       Bread ration      |       |     1 ||     1
Armor: Scale mail        |    40 |       ||    40
       Plate armour      |    44 |     7 ||    51
       Chain mail        |       |    26 ||    26
Dodge: Dodged            |    51 |    17 ||    68
Block: Shield            |    94 |    40 ||   134
       Rpst.: Long sword |    18 |     5 ||    23
